 Dungeon Crawl Stone Soup version 0.31-a0-369-g8eba5f6939 (webtiles) character file.

Game seed: 15074420021189163214

455 Dordric the Trooper (level 7, -1/118 HPs)
             Began as an Ogre Berserker on July 28, 2023.
             Was a Believer of Trog.
             Slain by an orc
             ... wielding a +4 flail
              (7 damage)
             ... on level 4 of the Dungeon.
             The game lasted 00:04:03 (3959 turns).

Dordric the Trooper (Ogre Berserker)                Turns: 3959, Time: 00:04:03

Health: -1/118     AC:  4    Str: 24    XL:     7   Next: 5%
Magic:  0/7        EV: 10    Int:  8    God:    Trog [**....]
Gold:   129        SH:  0    Dex:  8    Spells: 6/6 levels left

rFire   . . .        l - +0 flail
rCold   . . .        (no shield)
rNeg    . . .        b - +0 animal skin
rPois   .            (helmet restricted)
rElec   .            o - +0 cloak
rCorr   .            (gloves unavailable)
SInv    .            (boots unavailable)
Will    .....        f - amulet of guardian spirit Stlth
                     (no ring)
HPRegen 0.39/turn    (no ring)
MPRegen 0.10/turn

%: guardian spirit
@: berserking (expiring), very quick
A: large, unfitting armour, tough skin 1
a: Renounce Religion, Berserk, Trog's Hand


You were on level 4 of the Dungeon.
You worshipped Trog.
Trog was pleased with you.
You visited 1 branch of the dungeon, and saw 4 of its levels.

You collected 129 gold pieces.

Inventory:

Hand Weapons
 a - a +0 mace
 l - a +0 flail (weapon)
Armour
 b - a +0 animal skin (worn)
 o - a +0 cloak (worn)
Jewellery
 f - an amulet of guardian spirit (around neck)
Wands
 n - a wand of flame (23)
Scrolls
 i - a scroll of teleportation
 p - a scroll of brand weapon {unknown}
Potions
 c - a potion of mutation {unknown}
 d - 2 potions of curing {unknown}
 e - a potion of magic {unknown}
 g - a potion of brilliance {unknown}
 h - 3 potions of lignification {unknown}
 j - a potion of resistance {unknown}
 k - a potion of degeneration {unknown}
 m - a potion of haste {unknown}


   Skills:
 + Level 7.7 Fighting
 + Level 5.3 Maces & Flails
 - Level 2.6 Dodging


You had 6 spell levels left.
You didn't know any spells.
Your spell library was empty.

Dungeon Overview and Level Annotations

Branches:
Dungeon (4/15)             Temple (0/1) D:4

Altars:
Ashenzari
Fedhas
Makhleb
Sif Muna
Uskayaw
Yredelemnul

Shops:
D:4 (


Innate Abilities, Weirdness & Mutations

You are too large for most types of armour.
You have tough skin. (AC +1)


Message History

* * * LOW HITPOINT WARNING * * *
Something hits you.
* * * LOW HITPOINT WARNING * * *
You miss something. You miss something. Something hits you.
* * * LOW HITPOINT WARNING * * *
The orc closely misses you. Something hits you but does no damage.
You miss something. Something hits you but does no damage.
The orc completely misses you. Something hits you.
* * * LOW HITPOINT WARNING * * *
You sock something! You sock something! Trog accepts your kill.
Trog appreciates your killing of a magic user.
Reactivating autopickup.
You feel a bit more experienced. The orc hits you with a +4 flail!
* * * LOW HITPOINT WARNING * * *
Something hits you but does no damage.
Deactivating autopickup; reactivate with Ctrl-A.
You have reached level 7!
You closely miss something. Your punch misses something.
The orc hits you with a +4 flail.
* * * LOW HITPOINT WARNING * * *
Something completely misses you.
You completely miss something. You closely miss something.
The orc hits you with a +4 flail.
* * * LOW HITPOINT WARNING * * *
Something hits you.
* * * LOW HITPOINT WARNING * * *
You closely miss something. The orc hits you with a +4 flail.
* * * LOW HITPOINT WARNING * * *
You hear some strange, mumbled words.
A magic dart appears from out of thin air!
The magic dart hits you.
* * * LOW HITPOINT WARNING * * *
You thump something! The orc barely misses you.
Something hits you but does no damage.
You closely miss something. You miss something.
The orc hits you with a +4 flail!
You die...

###.........## ##
#..........# ..#.
##..........# #..$..
#..###......#### #.....#
##..#####.......##......#
........#..............#
......>...#...###..#...#
#.###.....#...##.{....#
#..####..##.....@o....#
...###...##.....)).b....#
....##..##....#####....##
##..........### ....[.
##.........# ##..#
#))...####.. .# ##)##..#
## # #.## #.# .## #.#


You could see an orc.

Vanquished Creatures
  Eustachio (D:4)
  2 hounds (D:4)
  An iguana (D:3)
  3 orc wizards (D:4)
  5 adders
  3 worms
  2 dart slugs (D:4)
  9 orcs
  3 bats
  4 endoplasms
  5 giant cockroaches
  6 hobgoblins
  9 jackals
  5 kobolds
  4 quokkas
  7 ball pythons
  3 frilled lizards
  5 goblins
  4 rats
81 creatures vanquished.

Notes
Turn   | Place    | Note
-------+----------+-------------------------------------------
     0 | D:1      | Dordric the Ogre Berserker began the quest for the Orb.
     0 | D:1      | Reached XP level 1. HP: 24/24 MP: 1/1
    69 | D:1      | Reached XP level 2. HP: 5/33 MP: 2/2
   458 | D:1      | Reached XP level 3. HP: 34/40 MP: 1/3
   483 | D:1      | Found a faded altar of an unknown god.
   881 | D:2      | Reached ** piety under Trog
   904 | D:2      | Reached skill level 5 in Fighting
  1039 | D:2      | Reached XP level 4. HP: 12/50 MP: 2/4
  1846 | D:3      | Found a broken altar of Ashenzari.
  1936 | D:3      | Found a burning altar of Makhleb.
  2012 | D:3      | Found a shimmering blue altar of Sif Muna.
  2012 | D:3      | Found a hide-covered altar of Uskayaw.
  2200 | D:3      | Found a basalt altar of Yredelemnul.
  2202 | D:3      | Found a blossoming altar of Fedhas.
  2777 | D:3      | Reached skill level 6 in Fighting
  2777 | D:3      | Reached XP level 5. HP: 10/59 MP: 1/5
  3206 | D:4      | Reached XP level 6. HP: 65/68 MP: 6/6
  3348 | D:4      | Noticed Eustachio
  3374 | D:4      | Killed Eustachio
  3375 | D:4      | Reached skill level 7 in Fighting
  3375 | D:4      | Reached skill level 5 in Maces & Flails
  3511 | D:4      | Found Taifossyon's Antique Weapon Emporium.
  3856 | D:4      | Found a staircase to the Ecumenical Temple.
  3953 | D:4      | Reached XP level 7. HP: 21/79 MP: 1/7
  3959 | D:4      | Slain by an orc

Illustrated notes

Levels and vault maps discovered:
D:1:      dpeg_arrival_prison, layout_rooms,
          shapermc_ecumenical_altar_totnotflames, grunt_decor_fettered,
          minmay_tree_intersection, solitary_fountain, chequers_mini_garden,
          minmay_distorted
D:2:      layout_basic
D:3:      layout_loops_cross, nicolae_overflow_hidden_temple, minitemple,
          gammafunk_temple_overflow_statue,
          mainiacjoe_overflow_concentric_impassable, hex_tiny, st_stairs_1
D:4:      layout_layer_cave, minmay_temple_entry_butterflies,
          roderic_roman_lattice, minmay_misc_feat_chi, nicolae_stop_n_shop_1,
          uniq_eustachio

Skill      XL: |  1  2  3  4  5  6 |
---------------+-------------------+-----
Maces & Flails | 3 4 5 |  5.3
Fighting       | 5 6 7 |  7.7
Dodging        | |  2.6

Action                     |  1- 3 |  4- 6 |  7- 9 || total
---------------------------+-------+-------+-------++-------
  Melee: Mace              |   100 |   159 |       ||   259
         Punch             |       |     3 |       ||     3
         Flail             |       |    32 |     7 ||    39
 Invoke: Berserk           |     1 |     4 |       ||     5
         Trog's Hand       |       |     1 |       ||     1
    Use: Scroll            |       |     5 |       ||     5
 Armour: Animal skin       |    32 |    65 |     1 ||    98
  Dodge: Dodged            |    70 |   112 |     2 ||   184

Table legend: (Time is in decaauts)
 A = Elapsed time spent in this place.
 B = Non-inter-level travel time spent in this place.
 C = Inter-level travel time spent in this place.
 D = Time resting spent in this place.
 E = Time spent auto-exploring this place.
 F = Levels seen in this place.
 G = Mean time per level.
                   A        B        C        D        E       F      G
               +--------+--------+--------+--------+--------+-----+--------+
         Total |   4047 |   3939 |    108 |    663 |   2631 |   4 | 1011.8 |
       Dungeon |   4047 |   3939 |    108 |    663 |   2631 |   4 | 1011.8 |
               +--------+--------+--------+--------+--------+-----+--------+

Top non-repeatable levels by time:
     D:3: 1401 daAuts
     D:4: 915 daAuts
     D:2: 879 daAuts
     D:1: 851 daAuts
